 Dungeon Crawl Stone Soup version 0.31-a0-214-gb37851dbb3 (webtiles) character file.

Game seed: 6695909783084063198

663 qw the Chopper (level 7, -9/43 HPs)
             Began as a Gargoyle Fighter on July 1, 2023.
             Mangled by an ogre
             ... wielding a +0 giant club
              (26 damage)
             ... on level 5 of the Dungeon.
             The game lasted 00:02:04 (3953 turns).

qw the Chopper (Gargoyle Fighter)                   Turns: 3953, Time: 00:02:05

Health: -9/43      AC: 20    Str: 21    XL:     7   Next: 56%
Magic:  7/7        EV:  6    Int:  9    God:
Gold:   221        SH:  4    Dex:  9    Spells: 6/6 levels left

rFire   + . .        Y - +0 war axe
rCold   . . .        c - +0 buckler
rNeg    + . .        k - +0 plate armour
rPois   inf          e - +0 helmet
rElec   +            (no cloak)
rCorr   .            m - +0 pair of gloves
SInv    .            n - +0 pair of boots
Will    .....        (no amulet) Stlth
                     p - ring of protection from fire
HPRegen 0.27/turn    (no ring)
MPRegen 0.10/turn

%: no passive effects
@: no status effects
A: sickness immunity, AC +4, negative energy resistance 1, electricity
resistance, torment resistance 1, petrification resistance
a: no special abilities


You were on level 5 of the Dungeon.
You visited 1 branch of the dungeon, and saw 5 of its levels.

You collected 254 gold pieces.
You spent 33 gold pieces at shops.


Innate Abilities, Weirdness & Mutations

You are immune to sickness and miasma.
Your stone body is resilient. (AC +4)
You are immune to poison.
You resist negative energy. (rN+)
You are resistant to electric shocks. (rElec)
You are resistant to unholy torment.
You are immune to petrification.


   Skills:
 + Level 4.1 Fighting
 - Level 7.0 Axes
 - Level 4.0 Armour
 - Level 3.2 Shields


You had 6 spell levels left.
You didn't know any spells.
Your spell library was empty.

Inventory:

Hand Weapons
 f - a +1 heavy flail
 Y - a +0 war axe (weapon)
Missiles
 j - 2 boomerangs (quivered)
Armour
 c - a +0 buckler (worn)
 e - a +0 helmet (worn)
 k - a +0 plate armour (worn)
 m - a +0 pair of gloves (worn)
 n - a +0 pair of boots (worn)
Jewellery
 p - a ring of protection from fire (left hand)
Scrolls
 a - 2 scrolls of identify
 h - a scroll of teleportation
Potions
 b - a potion of enlightenment
 d - a potion of might
 g - a potion of curing {unknown}
 i - a potion of attraction
 l - a potion of lignification
 o - a potion of mutation {unknown}
 r - a potion of magic {unknown}

Dungeon Overview and Level Annotations

Branches:
Dungeon (5/15)
 Temple: D:4-7

Altars:
Ashenzari
Dithmenos
Elyvilon
Fedhas
Ru
Trog
Yredelemnul

Shops:
D:5 *

Annotations:
D:2 exclusion: 3 endoplasms
D:3 3 runed translucent doors, qw's ghost, amateur GrFi


Message History

Enter note: An ogre comes into view. It is wielding a +0 giant club.
Enter note:
Enter note:
Enter note:
Enter note: You hit the ogre.
The ogre is lightly wounded.
The ogre hits you with a +0 giant club.
You hit the ogre.
The ogre is moderately wounded.
The ogre barely misses you.
You barely miss the ogre.
The ogre is moderately wounded.
The ogre hits you but does no damage.
You barely miss the ogre.
The ogre is moderately wounded.
You barely miss the ogre.
The ogre is moderately wounded.
The ogre barely misses you.
You hit the ogre.
The ogre is heavily wounded.
The ogre barely misses you.
You closely miss the ogre.
The ogre is heavily wounded.
The ogre hits you with a +0 giant club!!
Ouch! That really hurt!
You closely miss the ogre.
The ogre is heavily wounded.
The ogre hits you with a +0 giant club.
You hit the ogre.
The ogre is heavily wounded.
You hit the ogre.
The ogre is severely wounded.
You block the ogre's attack.
You barely miss the ogre.
The ogre is severely wounded.
The ogre hits you with a +0 giant club!!
Ouch! That really hurt!
You die...

#### ..# #
#.###########O###....
#.....>......@.<....#
######....###.#.#.#..
##..#.......#
#....####.....
##.##.## #.#...#
#......# #.#...#
###..### #.#.#...
#......# #.# #.#.
##.##.##


You could see an ogre.

Vanquished Creatures
  Sigmund (D:3)
  Edmund (D:5)
  A phantom (D:5)
  A hound (D:4)
  A gnoll bouda (D:5)
  Robin (D:3)
  6 adders
  10 gnolls
  2 worms
  2 dart slugs (D:3)
  9 orcs
  5 ball pythons
  6 bats
  4 endoplasms
  A giant cockroach (D:4)
  12 goblins
  8 hobgoblins
  3 quokkas
  5 frilled lizards
  7 kobolds
  6 rats
  A spectral orc (D:4)
93 creatures vanquished.

Notes
Turn   | Place    | Note
-------+----------+-------------------------------------------
     0 | D:1      | qw the Gargoyle Fighter began the quest for the Orb.
     0 | D:1      | Reached XP level 1. HP: 14/14 MP: 1/1
     0 | D:1      | 0 ||| qw: Version: 0.3-a-32-g5962c71
     0 | D:1      | 0 ||| qw: Game counter: 7438
     0 | D:1      | 0 ||| qw: Melee chars always use a shield: true
     0 | D:1      | 0 ||| qw: God list: Okawaru
     0 | D:1      | 0 ||| qw: Allow faded altars: false
     0 | D:1      | 0 ||| qw: Do Orc after clearing Dungeon:15 true
     0 | D:1      | 0 ||| qw: Do second Lair branch before Depths: true
     0 | D:1      | 0 ||| qw: Lair rune preference: random
     0 | D:1      | 0 ||| qw: Goals: Normal, Zot:1-4, Slime:5, God:TSO, Crypt,
                  | Tomb, Abyss, Pan, Hells, Win
     0 | D:1      | 0 ||| PLANNING D:1-11
    56 | D:1      | Reached skill level 2 in Axes
   148 | D:1      | Reached XP level 2. HP: 14/19 MP: 2/2
   173 | D:1      | Found a faded altar of an unknown god.
   232 | D:1      | 232 ||| Stepping ~*~*~tactically~*~*~ (hiding).
   465 | D:1      | 465 ||| DROPPING +0 club.
   509 | D:1      | 509 ||| Stepping ~*~*~tactically~*~*~ (stealth).
   513 | D:1      | Reached skill level 3 in Axes
   518 | D:1      | Reached XP level 3. HP: 22/23 MP: 3/3
   732 | D:1      | 732 ||| UPGRADING to +0 plate armour.
   742 | D:1      | 742 ||| DROPPING +0 scale mail.
   743 | D:1      | 743 ||| UPGRADING to +0 pair of boots.
   748 | D:1      | 748 ||| READING scroll labelled NAGROSKA WIBRY.
   749 | D:1      | 749 ||| READING scroll labelled IKKAKA JIORI.
   753 | D:1      | 753 ||| READING scroll labelled SOUMOV RITE.
   754 | D:1      | 754 ||| READING scroll labelled MEOBLYAKHLO.
   797 | D:2      | 797 ||| Stepping ~*~*~tactically~*~*~ (stealth).
   799 | D:2      | 799 ||| Stepping ~*~*~tactically~*~*~ (stealth).
   803 | D:2      | 803 ||| Stepping ~*~*~tactically~*~*~ (stealth).
   822 | D:2      | 822 ||| Stepping ~*~*~tactically~*~*~ (hiding).
   997 | D:2      | Reached XP level 4. HP: 26/28 MP: 4/4
  1007 | D:2      | 1007 ||| Stepping ~*~*~tactically~*~*~ (stealth).
  1046 | D:2      | Reached skill level 4 in Axes
  1186 | D:2      | 1186 ||| DRINKING 2 yellow potions.
  1407 | D:3      | Noticed Sigmund
  1408 | D:3      | 1408 ||| Stepping ~*~*~tactically~*~*~ (stealth).
  1413 | D:3      | 1413 ||| Stepping ~*~*~tactically~*~*~ (hiding).
  1429 | D:3      | Killed Sigmund
  1430 | D:3      | Reached skill level 5 in Axes
  1430 | D:3      | Reached XP level 5. HP: 23/32 MP: 5/5
  1430 | D:3      | Reached XP level 6. HP: 27/37 MP: 6/6
  1505 | D:3      | Noticed Robin
  1514 | D:3      | Killed Robin
  1629 | D:3      | 1629 ||| Stepping ~*~*~tactically~*~*~ (hiding).
  1630 | D:3      | 1630 ||| Stepping ~*~*~tactically~*~*~ (hiding).
  1631 | D:3      | 1631 ||| Stepping ~*~*~tactically~*~*~ (hiding).
  1787 | D:3      | Found a runed translucent gate.
  1788 | D:3      | Found a runed translucent gate.
  1792 | D:3      | Found a runed translucent gate.
  1793 | D:3      | Noticed qw's ghost (amateur GrFi)
  2092 | D:3      | 2092 ||| Stepping ~*~*~tactically~*~*~ (hiding).
  2096 | D:3      | 2096 ||| Stepping ~*~*~tactically~*~*~ (stealth).
  2097 | D:3      | 2097 ||| Stepping ~*~*~tactically~*~*~ (stealth).
  2103 | D:3      | 2103 ||| Stepping ~*~*~tactically~*~*~ (hiding).
  2266 | D:3      | 2266 ||| UPGRADING to +0 helmet.
  2271 | D:3      | 2271 ||| UPGRADING to ring of protection from fire.
  2272 | D:3      | 2272 ||| READING scroll labelled PEXOXONW FIGEM.
  2273 | D:3      | 2273 ||| READING scroll labelled GULOWO HOTEE.
  2274 | D:3      | 2274 ||| READING 2 scrolls of identify.
  2274 | D:3      | 2274 ||| IDENTIFYING metallic ruby potion
  2360 | D:4      | 2360 ||| DROPPING +0 whip.
  2382 | D:4      | Found a blossoming altar of Fedhas.
  2412 | D:4      | 2412 ||| Stepping ~*~*~tactically~*~*~ (stealth).
  2466 | D:4      | 2466 ||| Stepping ~*~*~tactically~*~*~ (hiding).
  2639 | D:4      | Found a basalt altar of Yredelemnul.
  2738 | D:4      | Found a broken altar of Ashenzari.
  2742 | D:4      | Found a bloodstained altar of Trog.
  2747 | D:4      | Found a shadowy altar of Dithmenos.
  2958 | D:4      | Found a sacrificial altar of Ru.
  3106 | D:4      | 3106 ||| DROPPING +2 mace of draining.
  3157 | D:4      | Reached skill level 6 in Axes
  3190 | D:4      | 3190 ||| UPGRADING to +0 pair of gloves.
  3195 | D:4      | 3195 ||| DROPPING scarf of harm.
  3196 | D:4      | 3196 ||| READING scroll labelled XOHUQ XOAT ZUINT.
  3225 | D:4      | 3225 ||| READING scroll labelled VASEDO WOMENI.
  3326 | D:4      | 3326 ||| READING 3 scrolls of identify.
  3326 | D:4      | 3326 ||| IDENTIFYING lumpy inky potion
  3327 | D:4      | 3327 ||| READING 2 scrolls of identify.
  3327 | D:4      | 3327 ||| IDENTIFYING viscous amethyst potion
  3328 | D:4      | 3328 ||| DROPPING potion of ambrosia.
  3403 | D:5      | Entered Level 5 of the Dungeon
  3443 | D:5      | HP: 9/38 [gnoll/+0 flail[a gnoll bouda] (9)]
  3444 | D:5      | 3444 ||| READING 2 scrolls of teleportation.
  3445 | D:5      | 3445 ||| DRINKING potion of heal wounds.
  3452 | D:5      | Noticed Edmund
  3470 | D:5      | Killed Edmund
  3471 | D:5      | Reached XP level 7. HP: 15/43 MP: 7/7
  3574 | D:5      | 3574 ||| DROPPING +0 flail.
  3681 | D:5      | Found a white marble altar of Elyvilon.
  3723 | D:5      | 3723 ||| Stepping ~*~*~tactically~*~*~ (hiding).
  3784 | D:5      | Found Linad's Luxury Loot.
  3793 | D:5      | 3793 ||| BUYING potion of lignification (33 gold).
  3793 | D:5      | Bought a potion of lignification for 33 gold pieces
  3797 | D:5      | Identified the +1 ring mail "Lusah" {Stlth+}
  3840 | D:5      | Reached skill level 7 in Axes
  3953 | D:5      | Mangled by an ogre

Levels and vault maps discovered:
D:1:      minmay_arrival_open_corners, layout_loops_ring,
          shapermc_ecumenical_altar_starsandcircs
D:2:      layout_rooms, chequers_big_river
D:3:      layout_basic, gammafunk_ghost_split, uniq_sigmund, uniq_robin
D:4:      layout_loops_ring, nicolae_ru_path_of_blood,
          yredelemnul_forgotten_temple_becter, grunt_temple_overflow_diamond,
          amcnicky_altar_gilded, grunt_ministairs_14
D:5:      layout_basic, elyvilon_altar_1, minmay_temple_entry_arrows,
          dreamdust_mushroom_princess, minmay_misc_feat_alley,
          nicolae_alphabet_shops, uniq_pikel, uniq_eustachio, uniq_edmund

Skill      XL: |  1  2  3  4  5  6  7 |
---------------+----------------------+-----
Axes           | 2 3 5 6 7 |  7.0
Fighting       | 4 |  4.1
Armour         | 4 |  4.0
Shields        | |  3.2

Action                     |  1- 3 |  4- 6 |  7- 9 || total
---------------------------+-------+-------+-------++-------
  Melee: War axe           |    76 |   176 |    63 ||   315
  Throw: Boomerang         |       |    31 |     6 ||    37
    Use: Scroll            |     4 |     8 |       ||    12
         Potion            |       |     2 |       ||     2
   Stab: Distracted        |       |     1 |       ||     1
 Armour: Scale mail        |    19 |       |       ||    19
         Plate armour      |    15 |   147 |    37 ||   199
  Dodge: Dodged            |    27 |    37 |    17 ||    81
  Block: Buckler           |    11 |    33 |     8 ||    52

Table legend:
 A = Non-vault XP
 B = Vault XP
 C = Vault XP percentage of total XP
 D = Non-vault monster count
 E = Vault monster count
 F = Vault count percentage of total count
                 A         B        C        D         E       F
            +---------+---------+-------+---------+---------+-------
      Total |     516 |     432 |  45.6 |      78 |      15 |  16.1
            +---------+---------+-------+---------+---------+-------
        D:1 |      35 |       0 |   0.0 |      20 |       0 |   0.0
        D:2 |      79 |       0 |   0.0 |      18 |       0 |   0.0
        D:3 |      47 |     265 |  84.9 |      18 |      12 |  40.0
        D:4 |      82 |      14 |  14.6 |      11 |       2 |  15.4
        D:5 |     273 |     153 |  35.9 |      11 |       1 |   8.3
            +---------+---------+-------+---------+---------+-------
